 Dungeon Crawl Stone Soup version 0.24-a0-530-g18ba70b503 (webtiles) character file.

Game seed: 17149450465187830791

2882 Peloso the Carver (level 9, -6/79 HPs)
             Began as a Minotaur Fighter on Aug 8, 2019.
             Was a Follower of Okawaru.
             Mangled by a death yak (17 damage)
             ... on level 7 of the Dungeon.
             The game lasted 00:12:22 (6897 turns).

Peloso the Carver (Minotaur Fighter)                Turns: 6897, Time: 00:12:22

Health: -6/79      AC: 12    Str: 22    XL:     9   Next: 48%
Magic:  7/8        EV:  5    Int:  5    God:    Okawaru [*.....]
Gold:   492        SH: 11    Dex: 12    Spells: 8/8 levels left

rFire    . . .     SeeInvis .   a - +0 long sword
rCold    + . .     Gourm    +   c - +0 shield
rNeg     . . .     Faith    .   b - +0 plate armour
rPois    .         Spirit   .   (helmet restricted)
rElec    .         Reflect  .   (no cloak)
rCorr    .         Harm     .   (no gloves)
MR       .....                  (no boots)
Stlth    ..........             u - amulet of the gourmand
HPRegen  0.23/turn              r - ring of ice
MPRegen  0.11/turn              v - ring of protection from fire

@: heavily drained
A: retaliatory headbutt, horns 2
a: Heroism, Renounce Religion


You were on level 7 of the Dungeon.
You worshipped Okawaru.
Okawaru was aware of your devotion.
You were not hungry.

You visited 2 branches of the dungeon, and saw 9 of its levels.

You collected 492 gold pieces.

Inventory:

Hand Weapons
 a - a +0 long sword (weapon)
 C - a +0 hand axe of flaming
Armour
 b - a +0 plate armour (worn)
 c - a +0 shield (worn)
Jewellery
 h - an uncursed amulet of guardian spirit
 r - a ring of ice (left hand)
 u - an amulet of the gourmand (around neck)
 v - a ring of protection from fire (right hand)
 H - an uncursed amulet of the gourmand
Wands
 w - a wand of acid (6)
 x - a wand of random effects (10)
 y - a wand of enslavement (9)
 E - a wand of clouds (4)
Scrolls
 g - 2 scrolls of enchant armour {unknown}
 j - 5 scrolls of fear
 o - 5 scrolls of teleportation {unknown}
 t - a scroll of identify
 z - 2 scrolls of enchant weapon {unknown}
 A - 4 scrolls of remove curse {unknown}
 B - a scroll of summoning {unknown}
 D - 4 scrolls of noise {unknown}
 I - a scroll of magic mapping {unknown}
Potions
 d - a potion of might
 e - 5 potions of curing
 i - 2 potions of brilliance
 k - a potion of flight
 l - a potion of ambrosia {unknown}
 m - 2 potions of heal wounds {unknown}
 n - a potion of lignification {unknown}
 p - a potion of mutation {unknown}
 q - 2 potions of agility {unknown}
 s - 2 potions of resistance {unknown}
 G - a potion of degeneration {unknown}
Comestibles
 f - 9 rations


   Skills:
 + Level 7.3(5.6) Fighting
 + Level 9.5(7.6) Long Blades
 + Level 8.0(6.2) Armour
 + Level 2.0(0.5) Dodging
 + Level 8.9(7.1) Shields


You had 8 spell levels left.
You didn't know any spells.
Your spell library contained the following spells:

 Spells                   Type           Power        Failure   Level  Hunger
 Animate Skeleton         Necr           N/A          100%        1    ##.....
 Apportation              Tloc           #.....       100%        1    ##.....
 Beastly Appendage        Tmut           #.....       100%        1    ##.....
 Confusing Touch          Hex            #.....       100%        1    ##.....
 Summon Small Mammal      Summ           #...         100%        1    ##.....
 Sticks to Snakes         Tmut           #.......     100%        2    ###....
 Spider Form              Tmut/Pois      #.........   100%        3    ####...
 Ice Form                 Ice/Tmut       #.......     100%        4    #####..
 Blade Hands              Tmut           #.........   100%        5    ######.


Dungeon Overview and Level Annotations

Branches:
Dungeon (8/15)             Temple (1/1) D:7            Lair (0/6) D:8

Altars:
Ashenzari
Cheibriados
Dithmenos
Elyvilon
Fedhas
Gozag
Kikubaaqudgha
Nemelex Xobeh
Okawaru
Qazlal
Ru
Sif Muna
Trog
Vehumet
Wu Jian
Xom
Yredelemnul
Zin

Shops:
D:6 (

Annotations:
D:4 2 transporters, mopl's ghost, amateur TeWr
D:6 3 runed translucent doors, mopl's ghost, novice NaFi; skumtomte's ghost, novice DEIE
D:7 3 runed translucent doors, GordonOverkill's ghost, novice DrFE


Innate Abilities, Weirdness & Mutations

You reflexively headbutt those who attack you in melee.
You have a pair of horns on your head.


Message History

Unknown command.
You hit the death yak. Your headbutt misses the death yak.
The death yak is almost dead.
The death yak gores you but does no damage.
Unknown command.
You hit the death yak.
You headbutt the death yak, but do no damage.
The death yak is almost dead.
You feel like a meek peon again. The death yak gores you!
* * * LOW HITPOINT WARNING * * *
You hit the death yak.
You headbutt the death yak, but do no damage.
The death yak is almost dead.
The death yak gores you!
* * * LOW HITPOINT WARNING * * *
You hit the death yak but do no damage. Your headbutt misses the death yak.
The death yak is almost dead.
The death yak gores you!
You die...

...##### #.########.............
..##.8∩## #.#####..............#.
..#uJ.$.###.#...+.....########.#.
..+l$$.8#.#.#(###.....###### #.#.
..+F_8.∩#.#.#(......#.....<# #.#.
#÷+..$.8#...........##.##### #.#.
#.#..$$∩#..)#..###.......# #.#.
#)##.8.##...#..###r###...## #.#.
...#####........@Yr.......# #.#.
####...(....######.####...# #.#.
# #######.............#..# #.#. #
#.#######.###.#..####.#.
##########.#######.###...........
..#........#.........###.......#.
°.##########.........# #.......#.
..#........#.........# #.....<.##
..#........#.......#####.......#


You could see a death yak, a hell rat and a quokka.

Vanquished Creatures
  2 hippogriffs
  A hungry ghost (D:8)
  2 sky beasts
  2 ice beasts
  A phantom (D:4)
  2 centaurs
  An ogre (D:4)
  8 bullfrogs
  2 scorpions (D:8)
  A howler monkey (D:4)
  4 crimson imps
  2 jellies (D:8)
  2 hounds (D:7)
  2 orc priests (D:7)
  7 orc wizards
  2 centaur skeletons
  5 iguanas
  7 worker ants
  Natasha (thrice) (D:3)
  A hound zombie (D:5)
  10 adders
  A shadow imp (D:7)
  An ooze (D:3)
  An adder skeleton (D:4)
  6 worms
  3 dart slugs
  6 leopard geckos
  42 orcs
  A ball python (D:1)
  5 bats
  8 giant cockroaches
  2 goblins
  10 hobgoblins
  6 quokkas
  3 frilled lizards (D:3)
  14 kobolds
  A leopard gecko zombie (D:6)
  A quokka skeleton (D:7)
  18 rats
196 creatures vanquished.

Notes
Turn   | Place    | Note
-------+----------+-------------------------------------------
     0 | D:1      | Peloso the Minotaur Fighter began the quest for the Orb.
     0 | D:1      | Reached XP level 1. HP: 19/19 MP: 0/0
   132 | D:1      | Reached XP level 2. HP: 24/27 MP: 1/1
   634 | D:1      | Reached XP level 3. HP: 33/33 MP: 2/2
  1367 | D:2      | Reached skill level 3 in Long Blades
  1399 | D:2      | Found a sparkling altar of Nemelex Xobeh.
  1431 | D:2      | Found a deep blue altar of Sif Muna.
  1432 | D:2      | Found an ancient bone altar of Kikubaaqudgha.
  1432 | D:2      | Found a blossoming altar of Fedhas.
  1433 | D:2      | Found a bloodstained altar of Trog.
  1452 | D:2      | Reached XP level 4. HP: 31/40 MP: 3/3
  2005 | D:3      | Reached XP level 5. HP: 39/47 MP: 4/4
  2185 | D:3      | Noticed Natasha
  2194 | D:3      | Killed Natasha
  2321 | D:3      | Noticed Natasha
  2335 | D:3      | Killed Natasha
  2335 | D:3      | Reached skill level 5 in Fighting
  2335 | D:3      | Reached skill level 5 in Shields
  2414 | D:3      | Noticed Natasha
  2425 | D:3      | Killed Natasha
  2425 | D:3      | Reached skill level 4 in Long Blades
  2425 | D:3      | Reached skill level 5 in Armour
  2732 | D:4      | Reached XP level 6. HP: 52/56 MP: 3/5
  3035 | D:4      | Found a shattered altar of Ashenzari.
  3036 | D:4      | Found an ornate altar of the Wu Jian Council.
  3038 | D:4      | Found a white marble altar of Elyvilon.
  3038 | D:4      | Found a sparkling altar of Nemelex Xobeh.
  3041 | D:4      | Found a basalt altar of Yredelemnul.
  3042 | D:4      | Found a sacrificial altar of Ru.
  3328 | D:4      | Reached skill level 5 in Long Blades
  3356 | D:4      | Reached XP level 7. HP: 57/61 MP: 6/6
  3474 | D:4      | Noticed mopl's ghost (amateur TeWr)
  3480 | D:4      | Noticed a wyvern
  3485 | D:4      | Found a transporter.
  3488 | D:4      | Found a transporter.
  4074 | D:5      | Entered Level 5 of the Dungeon
  4102 | D:5      | Reached skill level 6 in Long Blades
  4102 | D:5      | Reached skill level 1 in Dodging
  4739 | D:6      | Found a runed translucent gate.
  4739 | D:6      | Found a runed translucent gate.
  4752 | D:6      | Reached XP level 8. HP: 56/70 MP: 4/7
  4820 | D:6      | Found a runed translucent gate.
  4820 | D:6      | Noticed mopl's ghost (novice NaFi)
  4820 | D:6      | Noticed skumtomte's ghost (novice DEIE)
  4858 | D:6      | Found Siugub's Weapon Boutique.
  5054 | D:6      | Reached skill level 7 in Long Blades
  5532 | D:7      | Found an opulent altar of Gozag.
  5533 | D:7      | Found a runed translucent gate.
  5533 | D:7      | Found a runed translucent gate.
  5533 | D:7      | Found a runed translucent gate.
  5533 | D:7      | Noticed GordonOverkill's ghost (novice DrFE)
  5535 | D:7      | Noticed a red ugly thing
  5558 | D:7      | Reached skill level 8 in Long Blades
  5730 | D:7      | Reached XP level 9. HP: 57/78 MP: 8/8
  5920 | D:7      | Found a staircase to the Ecumenical Temple.
  6067 | Temple   | Entered the Ecumenical Temple
  6247 | Temple   | Became a worshipper of Warmaster Okawaru
  6392 | D:8      | Reached skill level 9 in Long Blades
  6519 | D:8      | Reached * piety under Okawaru
  6797 | D:8      | Found a staircase to the Lair.
  6797 | D:8      | Noticed a death yak
  6797 | D:8      | Noticed a death yak
  6897 | D:7      | Mangled by a death yak

Levels and vault maps discovered:
D:1:      dpeg_arrival_erosion, layout_basic, minmay_pentomino_q2
D:2:      minmay_kobold_bridge, layout_loops_corners,
          chequers_temple_overflow_statue_of_worship,
          nemelex_xobeh_ov_fountains_minmay
D:3:      layout_basic, first_ration, uniq_natasha
D:4:      minmay_angry_zag, layout_loops_corners, grunt_temple_overflow_open,
          gammafunk_ghost_arena
D:5:      layout_basic
D:6:      layout_loops_cross, serial_shops, kennysheep_little_box,
          gammafunk_ghost_cemetery
D:7:      layout_basic, lemuel_temple_firewalk_a, ebering_ghost_gozag
D:8:      layout_loops_cross, dpeg_lair_monsters, uniq_joseph
Temple:   minmay_temple_forest_path

Skill      XL: |  1  2  3  4  5  6  7  8  9 |
---------------+----------------------------+-----
Fighting       | 4 5 6 7 |  7.3
Armour         | 4 5 6 7 8 |  8.0
Shields        | 4 5 6 8 |  8.9
Long Blades    | 3 4 5 6 8 9 |  9.5
Dodging        | 1 2 |  2.0

Action                   |  1- 3 |  4- 6 |  7- 9 || total
-------------------------+-------+-------+-------++-------
Melee: Long sword        |    97 |   206 |   393 ||   696
       Headbutt          |    16 |    35 |    69 ||   120
Invok: Heroism           |       |       |     1 ||     1
  Use: Scroll            |       |     4 |       ||     4
  Eat: Chunk             |     2 |     6 |    13 ||    21
       Ration            |       |       |     1 ||     1
Armor: Chain mail        |    40 |       |       ||    40
       Scale mail        |     2 |       |       ||     2
       Plate armour      |    27 |   141 |   193 ||   361
Dodge: Dodged            |    17 |    33 |    63 ||   113
Block: Shield            |    56 |   108 |   216 ||   380
       Rpst.: Long sword |     6 |    10 |    16 ||    32

Table legend:
 A = Non-vault XP
 B = Vault XP
 C = Vault XP percentage of total XP
 D = Non-vault monster count
 E = Vault monster count
 F = Vault count percentage of total count
                 A         B        C        D         E       F
            +---------+---------+-------+---------+---------+-------
      Total |    3950 |     168 |   4.1 |     185 |      11 |   5.6
            +---------+---------+-------+---------+---------+-------
        D:1 |      41 |       2 |   4.7 |      25 |       1 |   3.8
        D:2 |      80 |       5 |   5.9 |      21 |       5 |  19.2
        D:3 |     211 |      35 |  14.2 |      34 |       1 |   2.9
        D:4 |     614 |     124 |  16.8 |      35 |       3 |   7.9
        D:5 |     194 |       0 |   0.0 |      12 |       0 |   0.0
        D:6 |     807 |       0 |   0.0 |      22 |       0 |   0.0
        D:7 |    1026 |       0 |   0.0 |      24 |       0 |   0.0
        D:8 |     977 |       2 |   0.2 |      12 |       1 |   7.7
            +---------+---------+-------+---------+---------+-------
